 Dungeon Crawl Stone Soup version 0.31.0-32-g396128a36d (webtiles) character file.

Game seed: 11109304001898454679

751 RKaid the Ruffian (level 7, -1/48 HPs)
             Began as an Octopode Shapeshifter on Mar 19, 2024.
             Slain by a scorpion (5 damage)
             ... on level 4 of the Dungeon.
             The game lasted 00:08:29 (4392 turns).

RKaid the Ruffian (Octopode Shapeshifter)           Turns: 4392, Time: 00:08:29

Health: -1/48      AC:  1    Str: 15    XL:     7   Next: 78%
Magic:  7/7        EV: 14    Int: 13    God:
Gold:   264        SH:  0    Dex: 11    Spells: 4/6 levels left

rFire   . .          .
                       - Unarmed
rCold   . . .        (no shield)
rNeg    . . .        (helmet currently unavailable)
rPois   .            (no amulet)
rElec   .            (no ring)
rCorr   .            (no ring)
SInv    .            (no ring)
Will    .....        (no ring)
Stlth   ++           (no ring)
HPRegen 0.28/turn    (no ring)
MPRegen 0.10/turn    (no ring)
                     (no ring)

%: no passive effects
@: mighty, lethally poisoned (-1 -> -3), beast-form, attractive, hasted, very
quick
A: beast (slay +2), almost no armour, amphibious, 8 rings, camouflage 1,
gelatinous body 1, (nimble swimmer 1), tentacles
a: Begin Untransformation


You were on level 4 of the Dungeon.
You were a hulking beast.
You visited 1 branch of the dungeon, and saw 5 of its levels.

You collected 264 gold pieces.

Inventory:

Magical Staves
 i - a staff of air {rElec}
   (You found it on level 1 of the Dungeon)
 n - a staff of death {rN+}
   (You found it on level 2 of the Dungeon)
 u - a staff of earth
   (You found it on level 5 of the Dungeon)
Talismans
 b - a beast talisman
 c - a flux talisman
Scrolls
 e - a scroll of enchant weapon
 h - a scroll of vulnerability {!r!r}
 j - a scroll of fog {unknown}
 m - a scroll of brand weapon {unknown}
 o - 2 scrolls of amnesia
 p - a scroll of torment {unknown}
 q - a scroll of blinking {unknown}
 t - a scroll of identify {unknown}
Potions
 d - a potion of heal wounds {unknown}
 f - a potion of enlightenment {unknown}
 g - a potion of curing {unknown}
 k - a potion of attraction {!q}
 l - a potion of might
 r - a potion of mutation {unknown}
 s - a potion of berserk rage {unknown}
 v - a potion of degeneration {unknown}


   Skills:
 + Level 4.1 Fighting
 + Level 4.5 Dodging
 + Level 5.1 Unarmed Combat
 + Level 4.8 Shapeshifting


You had 4 spell levels left.
You knew the following spells:

 Your Spells              Type           Power      Damage    Failure   Level
B - Blink                 Tloc           0%         N/A       43%         2

Your spell library contained the following spells:

 Spells                   Type           Power      Damage    Failure   Level
 Magic Dart               Conj           0%         1d3       30%         1
 Call Imp                 Summ           0%         N/A       43%         2
 Hailstorm                Conj/Ice       0%         3d5       67%         3
 Summon Ice Beast         Ice/Summ       0%         N/A       67%         3
 Sculpt Simulacrum        Ice/Alch       0%         N/A       100%        6


Dungeon Overview and Level Annotations

Branches:
Dungeon (5/15)
 Temple: D:4-7

Altars:
Fedhas

Shops:
D:2 :

Annotations:
D:3 Ijyb


Innate Abilities, Weirdness & Mutations

You are a hulking beast.
Your limbs bulge with bestial killing power. (Slay +2)
You cannot wear most types of armour.
You are amphibious.
You can wear up to eight rings at the same time.
Your skin changes colour to match your surroundings (Stealth+).
Your rubbery body absorbs attacks. (AC +1, EV +1)
((You are camouflaged when in or above water. (Stealth+)))
You have tentacles for arms and can constrict up to eight enemies at once.


Message History

As you read the scroll labelled VIULYI JITEH, it crumbles to dust.
You hear a loud clanging noise!
It was a scroll of noise.
You hear a shout! x2; You hear a howl!
You hear a shout!
There is a stone staircase leading up here.
You start waiting.
A bombardier beetle comes into view.
Found a stone staircase leading down.
The bombardier beetle bites you but does no damage.
You barely miss the bombardier beetle. You grab the bombardier beetle.
You tentacle-slap the bombardier beetle.
You squeeze the bombardier beetle. You constrict the bombardier beetle.
You bludgeon the bombardier beetle! You squeeze the bombardier beetle.
You kill the bombardier beetle!
Your Fighting skill increases to level 4!
A howler monkey comes into view.
The howler monkey hits you!
You bludgeon the howler monkey! Your grab misses the howler monkey.
You tentacle-slap the howler monkey. Your grab misses the howler monkey.
The howler monkey hits you.
You closely miss the howler monkey. Your grab misses the howler monkey.
You squeeze the howler monkey.
You kill the howler monkey!
No target in view!
No target in view!
No target in view!
j - a scroll labelled XEBAUSEPO You start resting.
A scorpion comes into view.
You now have 264 gold pieces (gained 3).
There are no items here.
Found a stone staircase leading down.
You start resting.
An orc comes into view. It is wielding a +0 flail.
An orc comes into view.
It is wielding a +0 club and wearing a +2 leather armour of fire resistance.
An orc comes into view. It is wielding a +0 club.
The orc shouts!
The orc shouts!
You hear a shout!
An orc wizard comes into view. It is wielding a +0 dagger.
The orc shouts!
You bludgeon the orc!
You kill the orc!
You hear an angry hiss.
An adder comes into view.
The adder moves out of view.
You tentacle-slap the orc. Your grab misses the orc.
A dart slug comes into view.
The orc barely misses you.
You tentacle-slap the orc. You grab the orc. You constrict the orc.
You lose your grip on the orc.
You tentacle-slap the scorpion. Your grab misses the scorpion.
The scorpion stings you.
You closely miss the orc. Your grab misses the orc.
The scorpion closely misses you. The orc misses you.
You tentacle-slap the scorpion. You grab the scorpion.
You constrict the scorpion, but do no damage.
The scorpion misses you. The orc closely misses you.
You release your grip on the scorpion.
The scorpion attacks as it pursues you! The scorpion closely misses you.
The orc wizard points at you and mumbles some strange words.
The puff of flame hits you! The orc attacks as it pursues you!
The orc barely misses you. The scorpion attacks as it pursues you!
The scorpion barely misses you.
The orc wizard mumbles some strange words.
The orc wizard flickers and vanishes!
Deactivating autopickup; reactivate with Ctrl-A.
The orc barely misses you.
There is a stone staircase leading up here.
You can't go down here!
The scorpion misses you. The adder misses you. The scorpion barely misses you.
The orc hits you with a +0 flail!
You climb upwards.
Reactivating autopickup.
There is a stone staircase leading down here.
It was a potion of attraction.
You feel attractive to monsters. The adder bites you. The scorpion stings you.
You are poisoned.
The scorpion poisons you! The adder barely misses you.
The orc hits you with a +0 flail!
* * * LOW HITPOINT WARNING * * *
It was a potion of might.
You feel very mighty all of a sudden.
You feel sick. The adder closely misses you. The scorpion stings you.
* * * LOW HITPOINT WARNING * * *
The orc closely misses you.
You barely miss the adder. Your grab misses the adder.
You feel sick. The adder closely misses you.
The scorpion stings you but does no damage.
You closely miss the adder. You grab the adder. You constrict the adder.
You feel sick. The adder closely misses you. The orc barely misses you.
The scorpion misses you.
You barely miss the scorpion. Your grab misses the scorpion.
You squeeze the scorpion! You constrict the adder.
You feel sick. The adder misses you. The orc misses you.
The scorpion closely misses you. The adder bites you.
* * * LOW HITPOINT WARNING * * *
It was a potion of haste.
You feel yourself speed up.
You constrict the adder.
You feel sick. The scorpion stings you.
You die...

#.#.......#.# #### #.......#.#.#
#... ###.#.###.#...# #.##
.[..#.###.#.#.###### #.#
......##...........# #.#
########...........# #.#
...................###########.##
########........So...............
.......'........h........#.......
########...#####s.......###......
#....# #....#..........##[##.....
#....# #....#.##........'.#.....#
#....# #.............#.##)##.#..#
#....# #....#.......####...####..
#....###...........##....?...(##.
..)....+............####...####..
..######....####.#...#.##.##.#..#


You could see a scorpion, an adder and an orc.

Vanquished Creatures
  Sigmund (D:3)
  2 black bears (D:4)
  A scorpion (D:4)
  A howler monkey (D:5)
  2 bombardier beetles
  An orc priest (D:3)
  5 gnolls
  5 adders
  A white imp (D:4)
  3 ribbon worms
  6 dart slugs
  6 orcs
  6 ball pythons
  10 endoplasms
  3 giant cockroaches
  8 goblins
  16 hobgoblins
  4 quokkas
  2 bats (D:2)
  3 frilled lizards
  4 kobolds
  4 rats
94 creatures vanquished.

Notes
Turn   | Place    | Note
-------+----------+-------------------------------------------
     0 | D:1      | RKaid the Octopode Shapeshifter began the quest for the
                  | Orb.
     0 | D:1      | Reached XP level 1. HP: 13/13 MP: 1/1
    91 | D:1      | Reached XP level 2. HP: 15/18 MP: 2/2
   648 | D:1      | Reached XP level 3. HP: 16/23 MP: 3/3
  1077 | D:2      | Reached XP level 4. HP: 29/29 MP: 4/4
  1134 | D:2      | Reached skill level 2 in Fighting
  1223 | D:2      | Found Axutirod's Book Shoppe.
  1848 | D:3      | Noticed Sigmund
  1859 | D:3      | Killed Sigmund
  1860 | D:3      | Reached skill level 3 in Fighting
  1860 | D:3      | Reached skill level 3 in Dodging
  1860 | D:3      | Reached skill level 4 in Unarmed Combat
  1860 | D:3      | Reached skill level 4 in Shapeshifting
  1860 | D:3      | Reached XP level 5. HP: 16/36 MP: 5/5
  1860 | D:3      | Reached XP level 6. HP: 19/42 MP: 6/6
  2275 | D:3      | Found a faded altar of an unknown god.
  2307 | D:3      | Learned a level 2 spell: Blink
  2314 | D:3      | HP: 8/42 [gnoll/+0 halberd (6)]
  2526 | D:3      | Noticed Ijyb
  2782 | D:3      | Identified the +1 robe of Yesterday {rPois rC- Slay+5 SInv}
  3021 | D:4      | Noticed a black bear
  3537 | D:4      | Reached skill level 4 in Dodging
  3537 | D:4      | Reached XP level 7. HP: 46/46 MP: 7/7
  4034 | D:4      | Reached skill level 5 in Unarmed Combat
  4263 | D:5      | Entered Level 5 of the Dungeon
  4269 | D:5      | Found a blossoming altar of Fedhas.
  4331 | D:5      | Reached skill level 4 in Fighting
  4388 | D:4      | HP: 12/48 [poisoned by a scorpion]
  4391 | D:4      | HP: 5/48 [adder (3)]
  4392 | D:4      | Slain by a scorpion

Illustrated notes

Levels and vault maps discovered:
D:1:      lemuel_arrival_room, layout_basic
D:2:      minmay_spotlight, layout_loops_ring, serial_shops, shop
D:3:      layout_basic, shapermc_ecumenical_altar_totnotflames, uniq_sigmund,
          uniq_ijyb
D:4:      layout_basic, minmay_fractal_squares_gapless_5
D:5:      layout_cave_pools, mainiacjoe_overflow_large_starburst,
          ebering_ghost_sewer_f, serial_shops,
          nicolae_shop_tiny_real_fake_doors,
          nicolae_shop_competitors_out_of_business,
          nicolae_shop_bloodbath_and_beyond, minmay_checkerbox,
          uniq_crazy_yiuf_cottage

Skill      XL: |  1  2  3  4  5  6  7 |
---------------+----------------------+-----
Fighting       | 3 4 |  4.1
Dodging        | 3 4 |  4.5
Unarmed Combat | 4 5 |  5.1
Shapeshifting  | 4 |  4.8

Action                     |  1- 3 |  4- 6 |  7- 9 || total
---------------------------+-------+-------+-------++-------
  Melee: Unarmed           |    57 |   110 |    34 ||   201
         Tentacles         |    11 |    19 |    11 ||    41
         Constrict         |    15 |    22 |     8 ||    45
         Punch             |       |     2 |     2 ||     4
    Use: Potion            |       |     1 |     3 ||     4
         Scroll            |       |     4 |     2 ||     6
   Stab: Sleeping          |    11 |     5 |     1 ||    17
 Armour: Skin              |    16 |    54 |    26 ||    96
  Dodge: Dodged            |    29 |    59 |    33 ||   121

Table legend: (Time is in decaauts)
 A = Elapsed time spent in this place.
 B = Non-inter-level travel time spent in this place.
 C = Inter-level travel time spent in this place.
 D = Time resting spent in this place.
 E = Time spent auto-exploring this place.
 F = Levels seen in this place.
 G = Mean time per level.
                   A        B        C        D        E       F      G
               +--------+--------+--------+--------+--------+-----+--------+
         Total |   4378 |   4154 |    224 |    646 |   2629 |   5 |  875.6 |
       Dungeon |   4378 |   4154 |    224 |    646 |   2629 |   5 |  875.6 |
               +--------+--------+--------+--------+--------+-----+--------+

Top non-repeatable levels by time:
     D:3: 1257 daAuts
     D:4: 1213 daAuts
     D:1: 930 daAuts
     D:2: 855 daAuts
     D:5: 121 daAuts

Table legend:
 A = Kills in this place as a percentage of kills in the entire game.
 B = Kills by you in this place as a percentage of kills by you in the entire game.
 C = Kills by friends in this place as a percentage of kills by friends in the entire game.
 D = Other kills in this place as a percentage of other kills in the entire game.
 E = Experience gained in this place as a percentage of experience gained in the entire game.
 F = Experience gained in this place divided by the number of levels of this place that you have seen.
                   A       B       C       D       E      F
               +-------+-------+-------+-------+-------+----------------------
         Total | 100.0 | 100.0 |   N/A |   N/A | 100.0 | 214.8
       Dungeon | 100.0 | 100.0 |   N/A |   N/A | 100.0 | 214.8
               +-------+-------+-------+-------+-------+----------------------
